 Dungeon Crawl Stone Soup version 0.31-a0-185-g9dded2c639 (webtiles) character file.

Game seed: 12948504248288991620

23 qw the Shooter (level 2, 0/16 HPs)
             Began as a Deep Elf Hunter on June 22, 2023.
             Succumbed to their own poison gas
             ... on level 1 of the Dungeon.
             The game lasted 00:00:16 (410 turns).

qw the Shooter (Deep Elf Hunter)                     Turns: 410, Time: 00:00:17

Health: 0/16       AC:  3    Str:  8    XL:     2   Next: 72%
Magic:  4/4        EV: 12    Int: 13    God:
Gold:   75         SH:  0    Dex: 18    Spells: 1/1 levels left

rFire   . . .        Y - +0 shortbow (elec)
rCold   . . .        (shield currently unavailable)
rNeg    . . .        c - +0 leather armour
rPois   .            (no helmet)
rElec   .            (no cloak)
rCorr   .            (no gloves)
SInv    .            (no boots)
Will    .....        (no amulet)
Stlth   ++           (no ring)
HPRegen 0.22/turn    (no ring)
MPRegen 0.09/turn

%: no passive effects
@: lethally poisoned (0 -> -18)
A: no striking features
a: no special abilities


You were on level 1 of the Dungeon.
You visited 1 branch of the dungeon, and saw 1 of its levels.

You collected 75 gold pieces.


   Skills:
 - Level 1.5 Fighting
 + Level 6.4 Ranged Weapons
 - Level 2.4 Dodging
 - Level 1.2 Stealth


You had one spell level left.
You didn't know any spells.
Your spell library was empty.

Inventory:

Hand Weapons
 Y - a +0 shortbow of electrocution (weapon)
Armour
 c - a +0 leather armour (worn)
Potions
 h - a potion of attraction {unknown}

Dungeon Overview and Level Annotations

Branches:
Dungeon (1/15)

Altars:


Message History

You start waiting.
Your surroundings suddenly seem different.
Done exploring.
405 ||| READING scroll labelled JAQIET XISIL.
The air fills with toxic fumes!
As you read the scroll labelled JAQIET XISIL, it crumbles to dust.
It was a scroll of poison.
Done exploring.
406 ||| READING scroll labelled YZOPSE WATE.
As you read the scroll labelled YZOPSE WATE, it crumbles to dust.
It is a scroll of brand weapon.
Your +0 shortbow crackles with electricity.
Y - a +0 shortbow of electrocution (weapon)
Done exploring.
407 ||| DROPPING scroll of butterflies.
You drop a scroll of butterflies.
Done exploring.
408 ||| DROPPING scroll of fog.
You drop a scroll of fog.
Done exploring.
(D) Dungeon
Where to? (* - list waypoints, ? - help)
What level of the Dungeon? (default 1, ? - help) Sorry, I don't know how to get there.
Enter note:
Enter note:
Enter note:
Enter note:
Enter note:
Enter note:
Enter note:
Enter note:
Enter note:
Enter note:
Enter note:
Enter note: Really walk into that cloud of poison gas?
You are engulfed in poison gas.
You are lethally poisoned!
You feel very sick.
410 ||| Stepping ~*~*~tactically~*~*~ (cloud).
You die...

............#.##
..........###.#
..........##¤.#
..........##¤##
......~~~7#¤¤¤##
.....P~~~¤¤¤00¤##
#....7~~~7¤¤¤¤¤¤#
.........¤¤¤¤¤0¤##
..###....¤¤¤00¤¤@##########
.## ##...¤¤¤¤¤¤¤¤¤¤¤¤¤¤...#
.## ##..¤#¤¤¤¤¤0¤¤¤¤¤¤...#
..## ######¤¤¤#########..#
...######.¤¤¤¤¤#.......#..#
.........¤¤¤¤¤¤#.......#.##
#.....###¤¤¤¤0.#..#'#..#.#
.........¤¤¤¤¤.'..#_#..#.#
........#......#..###..#.#


There were no monsters in sight!

Vanquished Creatures
  A dart slug (D:1)
  A bat (D:1)
  3 endoplasms (D:1)
  2 hobgoblins (D:1)
  2 jackals (D:1)
  A quokka (D:1)
  3 ball pythons (D:1)
  A frilled lizard (D:1)
  6 rats (D:1)
20 creatures vanquished.

Notes
Turn   | Place    | Note
-------+----------+-------------------------------------------
     0 | D:1      | qw the Deep Elf Hunter began the quest for the Orb.
     0 | D:1      | Reached XP level 1. HP: 12/12 MP: 3/3
     0 | D:1      | 0 ||| qw: Version: 0.3-a-9-g12657ce
     0 | D:1      | 0 ||| qw: Game counter: 1918
     0 | D:1      | 0 ||| qw: Always use a shield: true
     0 | D:1      | 0 ||| qw: God list: Okawaru
     0 | D:1      | 0 ||| qw: Allow faded altars: false
     0 | D:1      | 0 ||| qw: Do Orc after D:15 true
     0 | D:1      | 0 ||| qw: Do second Lair branch before Depths: true
     0 | D:1      | 0 ||| qw: Lair rune preference: random
     0 | D:1      | 0 ||| qw: Plans: Normal
     0 | D:1      | 0 ||| PLANNING D:1-11
    58 | D:1      | Reached XP level 2. HP: 16/16 MP: 4/4
    98 | D:1      | Reached skill level 6 in Ranged Weapons
   243 | D:1      | Found a faded altar of an unknown god.
   400 | D:1      | 400 ||| READING scroll labelled CEEQONGIJUNU.
   401 | D:1      | 401 ||| READING 2 scrolls labelled POXTYE ROYLOUT.
   402 | D:1      | 402 ||| READING scroll labelled MUHOH GAVALERI.
   405 | D:1      | 405 ||| READING scroll labelled JAQIET XISIL.
   406 | D:1      | 406 ||| READING scroll labelled YZOPSE WATE.
   407 | D:1      | 407 ||| DROPPING scroll of butterflies.
   408 | D:1      | 408 ||| DROPPING scroll of fog.
   409 | D:1      | HP: 4/16 [poisoned by you (poison gas)]
   410 | D:1      | 410 ||| Stepping ~*~*~tactically~*~*~ (cloud).
   410 | D:1      | Succumbed to their own poison gas

Levels and vault maps discovered:
D:1:      amcnicky_arrival_flooded_fountain, layout_rooms,
          hellmonk_ecumenical_altar_inner_sanctum, serial_bayou_pond_e

Skill      XL: |  1  2 |
---------------+-------+-----
Ranged Weapons | 6 |  6.4
Fighting       | |  1.5
Dodging        | |  2.4
Stealth        | |  1.2

Action                     || total
---------------------------++-------
   Fire: Shortbow          ||    49
    Use: Scroll            ||     5
  Dodge: Dodged            ||     7

Table legend:
 A = Non-vault XP
 B = Vault XP
 C = Vault XP percentage of total XP
 D = Non-vault monster count
 E = Vault monster count
 F = Vault count percentage of total count
                 A         B        C        D         E       F
            +---------+---------+-------+---------+---------+-------
      Total |      33 |       0 |   0.0 |      20 |       0 |   0.0
            +---------+---------+-------+---------+---------+-------
        D:1 |      33 |       0 |   0.0 |      20 |       0 |   0.0
            +---------+---------+-------+---------+---------+-------
